Description

Harstem's 4 gate blink semi-all in vs T, revised to include units and other timings.

Benchmark:

At 5:07: 68 supply 11 stalkers 1 adept 1 warp prism 1 observer 41 workers 68 supply 78 supply available, with a pylon finishing within 3-4 seconds to go up to 86

VOD

https://www.youtube.com/watch?v=PmSrYtYGqdw

Build Order

Get SALT Encoding   

  14  0:17  Pylon  
  15  0:35  Gateway  
  16  0:47  Assimilator  
  20  1:24  Cybernetics Core  
  20  1:35  Nexus  
  20  1:40  Pylon  
  21  1:49  Assimilator  
  21  1:57  Adept (Chrono Boost)  
  21  2:00  Warp Gate  
  25  2:17  Stalker (Chrono Boost)  
  28  2:32  Twilight Council  
  29  2:41  Stalker  
  34  2:59  Robotics Facility  
  37  3:19  Blink (Chrono Boost)  
  38  3:23  Gateway  
  38  3:25  Gateway  
  40  3:39  Gateway  
  40  3:45  Pylon  
  40  3:47  Observer  
  43  3:52  Stalker  
  46  4:01  Pylon  
  46  4:08  Warp Prism (Chrono Boost)  
  55  4:30  Assimilator  
  72  5:28  Nexus  
Spawning Tool Build Advisor. Get it on Overwolf

Analysis

Transitions:

If =>3 tanks, transition to charge + archons + forge + sentry, stay on 3 gas

If bio with little/no tanks, transition to colossi (add robo bay and 4th gas), use stalkers to delay terran moveout.

If mech, who knows ??

Go to:

Details

  • Created by: Noah
  • Published on: Aug 08, 2023
  • Modified on: Aug 08, 2023
  • Patch: 5.0.11
  • Difficulty: Medium
Show
View Real Time Build Order
Export as new Build Order

Comments (0)

There are no comments. Be the first!

Create an account to comment!